 Dungeon Crawl Stone Soup version 0.25.1-2-g60ff931df9 (webtiles) character file.

Game seed: 3012699727981188275

620 raphialitos the Shield-Bearer (level 7, -18/55 HPs)
             Began as a Formicid Fighter on Oct 13, 2020.
             Was an Initiate of Ashenzari.
             Demolished by an ogre
             ... wielding a +0 giant club
              (20 damage)
             ... on level 4 of the Dungeon on Oct 14, 2020.
             The game lasted 00:07:55 (3887 turns).

raphialitos the Shield-Bearer (Formicid Fighter)    Turns: 3887, Time: 00:07:56

Health: -18/55     AC:  8    Str: 23    XL:     7   Next: 74%
Magic:  7/7        EV:  9    Int:  7    God:    Ashenzari [......]
Gold:   186        SH: 10    Dex: 10    Spells: 6/6 levels left

rFire    . . .     SeeInvis +   n - +1 scythe (curse)
rCold    . . .     Gourm    .   c - +0 kite shield
rNeg     . . .     Faith    .   b - +0 scale mail
rPois    .         Spirit   .   (helmet unavailable)
rElec    .         Reflect  .   (no cloak)
rCorr    .         Harm     .   (no gloves)
MR       .....                  o - +0 pair of boots
Stlth    ..........             (no amulet)
HPRegen  0.18/turn              (no ring)
MPRegen  0.10/turn              (no ring)

@: no status effects
A: permanent stasis, dig shafts and tunnels, four strong arms, antennae 3
a: Dig, Shaft Self, Curse Item, Renounce Religion


You were on level 4 of the Dungeon.
You worshipped Ashenzari.
Ashenzari was noncommittal.
You were near starving.

You visited 1 branch of the dungeon, and saw 4 of its levels.

You collected 186 gold pieces.

Inventory:

Hand Weapons
 a - a +0 quarterstaff
 n - a cursed +1 scythe (weapon)
Missiles
 d - 42 bolts
 i - 9 sling bullets
 k - 11 boomerangs (quivered)
 r - 17 arrows
Armour
 b - a +0 scale mail (worn)
 c - a +0 kite shield (worn)
 o - a +0 pair of boots (worn)
Wands
 e - a wand of iceblast (8)
Scrolls
 g - a scroll of magic mapping
 h - 3 scrolls of remove curse
 l - 2 scrolls of fog
Potions
 j - 2 potions of brilliance
 m - a potion of heal wounds
 p - a potion of ambrosia {unknown}
 q - a potion of haste {unknown}
Comestibles
 f - 7 rations


   Skills:
 + Level 4.6 Fighting
 + Level 2.8(4.1) Polearms
 + Level 4.5(4.9) Staves
 + Level 4.8 Armour
 + Level 1.1 Dodging
 + Level 0.1 Stealth
 + Level 5.4 Shields


You had 6 spell levels left.
You didn't know any spells.
Your spell library was empty.

Dungeon Overview and Level Annotations

Branches:
Dungeon (4/15)             Temple (0/1) D:4

Altars:
Ashenzari
Gozag


Innate Abilities, Weirdness & Mutations

You cannot be hasted, slowed, berserked, paralysed or teleported.
You can dig through walls and to a lower floor.
Your four strong arms can wield two-handed weapons with a shield.
You have a pair of large antennae on your head. (SInv)


Message History

The ice beast barely misses you. You block the ogre's attack.
The hound bites you but does no damage.
Your shield and scale mail prevent you from hitting the ogre.
The ogre is heavily wounded.
The hound stops to sniff the ground.
The hound bites you.
* * * LOW HITPOINT WARNING * * *
The ice beast misses you. The ogre barely misses you.
The hound bites you but does no damage.
The ice beast hits you but does no damage.
You block the hound's attack.
You barely miss the ogre.
The ogre is heavily wounded.
The ogre hits you with a +0 giant club!
* * * LOW HITPOINT WARNING * * *
You block the ogre's attack.
You barely miss the ogre.
The ogre is heavily wounded.
The ogre hits you with a +0 giant club!!
You die...

#......#...
#.<###.###
##).#⌠...⌠#
#...#.....#
#...#..>..#
####..#.....#
#.....#⌠hY.⌠#
##....###O##
#....##.@.#
##....#.⌠.#
####.#...#
#.##.##
#....# ######


You could see an ice beast, an ogre and a hound.

Vanquished Creatures
  Sigmund (D:2)
  The ghost of Snicker the Sneak, an amateur DsAs (D:3)
  A centaur (D:4)
  A bullfrog (D:3)
  A centaur zombie (D:3)
  A crimson imp (D:3)
  Robin (D:2)
  8 adders
  2 oozes (D:2)
  4 worms
  4 dart slugs
  A leopard gecko (D:2)
  2 giant cockroaches
  15 goblins
  12 hobgoblins
  3 jackals (D:3)
  2 quokkas (D:3)
  A ball python (D:3)
  7 bats
  3 frilled lizards
  8 kobolds
  6 rats
85 creatures vanquished.

Notes
Turn   | Place    | Note
-------+----------+-------------------------------------------
     0 | D:1      | raphialitos the Formicid Fighter began the quest for the
                  | Orb.
     0 | D:1      | Reached XP level 1. HP: 18/18 MP: 1/1
   125 | D:1      | Reached XP level 2. HP: 19/24 MP: 2/2
   918 | D:2      | Reached XP level 3. HP: 26/30 MP: 3/3
  1106 | D:2      | Found a shattered altar of Ashenzari.
  1120 | D:2      | Became a worshipper of Ashenzari the Shackled
  1168 | D:2      | Reached XP level 4. HP: 34/37 MP: 4/4
  1343 | D:2      | Noticed Sigmund
  1351 | D:2      | Killed Sigmund
  1351 | D:2      | Reached skill level 4 in Shields
  1351 | D:2      | Reached XP level 5. HP: 23/42 MP: 5/5
  1351 | D:2      | Reached XP level 6. HP: 26/48 MP: 6/6
  2186 | D:2      | Noticed Robin
  2199 | D:2      | Killed Robin
  2219 | D:2      | Reached skill level 1 in Polearms
  2575 | D:3      | Found an opulent altar of Gozag.
  2655 | D:2      | HP: 2/48 [adder (2)]
  2991 | D:3      | Reached XP level 7. HP: 54/54 MP: 7/7
  3101 | D:3      | Found a runed translucent door.
  3102 | D:3      | Noticed Snicker's ghost (amateur DsAs)
  3518 | D:3      | Reached skill level 5 in Shields
  3552 | D:3      | Killed Snicker's ghost
  3552 | D:3      | Reached skill level 1 in Dodging
  3874 | D:4      | Found a staircase to the Ecumenical Temple.
  3886 | D:4      | HP: 2/55 [ogre/+0 giant club (14)]
  3887 | D:4      | Demolished by an ogre

Illustrated notes

Levels and vault maps discovered:
D:1:      lightli_arrival_lavapool, layout_basic
D:2:      layout_loops_ring, evilmike_ruin_ashenzari, uniq_robin, uniq_sigmund
D:3:      layout_loops_ring, nicolae_gozag_cash_rules_everything_around_me,
          first_ration, ebering_ghost_sewer_d
D:4:      layout_gridville, minmay_temple_entry_antechambers, serial_shops,
          nicolae_shop_crystal

Skill      XL: |  1  2  3  4  5  6  7 |
---------------+----------------------+-----
Staves         | 4 |  4.5
Fighting       | 4 |  4.6
Armour         | 4 |  4.8
Shields        | 4 5 |  5.4
Polearms       | 1 2 |  2.8
Dodging        | 1 |  1.1
Stealth        | |  0.1

Action                   |  1- 3 |  4- 6 |  7- 9 || total
-------------------------+-------+-------+-------++-------
Melee: Quarterstaff      |    64 |    24 |       ||    88
       Scythe            |       |   187 |   115 ||   302
Invok: Curse Item        |       |       |     1 ||     1
  Use: Scroll            |       |     6 |     1 ||     7
       Potion            |       |     2 |       ||     2
  Eat: Chunk             |     1 |     6 |     2 ||     9
Armor: Scale mail        |    15 |   134 |    83 ||   232
Dodge: Dodged            |    10 |    88 |    65 ||   163
Block: Kite shield       |    35 |   191 |    77 ||   303
